 Dungeon Crawl Stone Soup version 0.31-a0-828-gb7646bb5e3 (webtiles) character file.

Game seed: 10121739621056120752

1460 Descartes the Ducker (level 8, 0/37 HPs)
             Began as a Felid Shapeshifter on Sept 24, 2023.
             Killed from afar by a steam dragon (13 damage)
             ... with a ball of steam
             ... on level 6 of the Dungeon.
             The game lasted 00:07:03 (5192 turns).

Descartes the Ducker (Felid Shapeshifter)           Turns: 5192, Time: 00:07:04

Health: 0/37       AC:  2    Str: 12    XL:     8   Next: 48%
Magic:  9/9        EV: 21    Int: 12    God:
Gold:   201        SH:  0    Dex: 15    Spells: 7/7 levels left
                                        Lives:  0   Deaths: 3

rFire   . .          .
                       - Unarmed
rCold   . . .        (shield unavailable)
rNeg    . . .        (body armour unavailable)
rPois   .            (helmet unavailable)
rElec   .            (cloak unavailable)
rCorr   .            (gloves unavailable)
SInv    +            (boots unavailable)
Will    +....        (no amulet)
Stlth   +            (no ring)
HPRegen 0.26/turn    (no ring)
MPRegen 0.11/turn

%: no passive effects
@: beast-form, quick
A: beast (slay +3), very small, claws 1, fangs 3, see invisible, speed 1, shaggy
fur 2, stealthy paws, no weapons or thrown items, no armour, multi-lived
a: Begin Untransformation


You were on level 6 of the Dungeon.
You were a hulking beast.
You visited 1 branch of the dungeon, and saw 6 of its levels.
You also visited: Sewer.

You collected 201 gold pieces.

Inventory:

Jewellery
 o - a ring of flight
 p - a ring of fire
Talismans
 b - a beast talisman (active)
 c - a flux talisman
Wands
 a - a wand of flame (22)
 m - a wand of light (7)
Scrolls
 d - 2 scrolls of identify
 f - 3 scrolls of amnesia
 h - a scroll of enchant armour {unknown}
 j - 4 scrolls of teleportation
 k - a scroll of vulnerability {unknown}
 n - 2 scrolls of enchant weapon {unknown}
 q - 4 scrolls of immolation
 s - a scroll of acquirement {unknown}
 t - a scroll of summoning {unknown}
Potions
 e - a potion of degeneration {unknown}
 g - a potion of mutation {unknown}
 i - a potion of might
 l - a potion of invisibility
 r - a potion of ambrosia


   Skills:
 + Level 5.2 Fighting
 + Level 7.4 Dodging
 + Level 6.0 Unarmed Combat
 + Level 6.2 Shapeshifting


You had 7 spell levels left.
You didn't know any spells.
Your spell library contained the following spells:

 Spells                   Type           Power      Damage    Failure   Level
 Freeze                   Ice            0%         1d3       32%         1
 Slow                     Hex            0%         N/A       32%         1
 Ensorcelled Hibernation  Hex/Ice        0%         N/A       45%         2
 Passwall                 Tmut/Erth      0%         N/A       45%         2
 Call Canine Familiar     Summ           0%         N/A       69%         3
 Confusing Touch          Hex            0%         N/A       69%         3
 Frozen Ramparts          Ice            0%         1d1       69%         3
 Hailstorm                Conj/Ice       0%         3d3       69%         3
 Sigil of Binding         Hex            0%         N/A       69%         3
 Swiftness                Air            0%         N/A       69%         3
 Vampiric Draining        Necr           0%         2d6       69%         3
 Leda's Liquefaction      Hex/Erth       0%         N/A       97%         4
 Dimensional Bullseye     Hex/Tloc       Unusable   N/A       N/A         4

Dungeon Overview and Level Annotations

Branches:
Dungeon (6/15)              Sewer (visited)
 Temple: D:4-7

Altars:
Kikubaaqudgha

Shops:
D:3 (

Annotations:
D:5 2 transporters, feta's ghost, novice GrGl


Innate Abilities, Weirdness & Mutations

You are a hulking beast.
Your limbs bulge with bestial killing power. (Slay +3)
You have sharp claws.
You have razor-sharp teeth.
You have supernaturally acute eyesight. (SInv)
You cover ground quickly. (Speed+)
You are covered in thick fur. (AC +2)
Your paws help you pounce on unaware monsters.
You are incapable of wielding weapons or throwing items.
You cannot wear armour.
You gain extra lives every three experience levels.


Message History

You scratch the black bear.
The black bear is moderately wounded.
The black bear closely misses you. The black bear misses you.
The black bear barely misses you.
You claw the black bear!
The black bear is almost dead.
The black bear closely misses you. The black bear claws you.
The black bear completely misses you.
You scratch the black bear.
You kill the black bear!
A steam dragon comes into view.
Your Unarmed Combat skill increases to level 6!
You see here a black bear corpse.
A steam dragon is nearby!
The steam dragon hisses angrily.
You see here a +0 short sword.
The steam dragon barely misses you. The steam dragon closely misses you.
You barely miss the steam dragon. You claw the steam dragon.
The steam dragon is lightly wounded.
The steam dragon breathes steam at you. The ball of steam hits you!
The steam dragon bites you. The steam dragon completely misses you.
You claw the steam dragon!
The steam dragon is moderately wounded.
The steam dragon completely misses you. The steam dragon misses you.
You scratch the steam dragon.
The steam dragon is heavily wounded.
The steam dragon bites you. The steam dragon completely misses you.
You scratch the steam dragon. You bite the steam dragon.
The steam dragon is severely wounded.
The steam dragon completely misses you. The steam dragon misses you.
You scratch the steam dragon.
The steam dragon is almost dead.
You scratch the steam dragon.
You claw the steam dragon, but do no damage.
You bite the steam dragon, but do no damage.
The steam dragon is almost dead.
The steam dragon breathes steam at you. The ball of steam hits you!
You die...

...#.......#
####.#.).#
#.......<# #####
#.##.#..## .....
#.!....†.#......
#.##.#...#......
........).......
.........#.#####
#.##..[h.#.# #.
#.#.#D# #
..<#.#.#
###.#.#.. ..#.#.
#.#.... ..#.# ##
..#.#


You could see a steam dragon (catching breath).

Vanquished Creatures
  Duvessa (D:5)
  A black bear (D:6)
  An ogre (D:5)
  2 centaurs (D:4)
  A kobold brigand (Sewer)
  2 scorpions
  Dowan (D:5)
  3 wights (D:4)
  2 vampire bats (D:4)
  2 hounds
  Crazy Yiuf (D:3)
  A gnoll bouda (D:5)
  2 jellies
  An orc priest (D:5)
  Terence (D:3)
  An iguana (D:4)
  5 gnolls
  4 adders
  6 river rats (Sewer)
  A white imp (D:5)
  An ufetubus (D:5)
  7 worms
  2 dart slugs
  13 orcs
  3 ball pythons
  5 bats
  3 bat skeletons (D:4)
  3 bat zombies (D:4)
  2 giant cockroaches
  10 goblins
  5 hobgoblins
  10 jackals
  7 kobolds
  6 quokkas
  6 frilled lizards
  10 rats
132 creatures vanquished.

Vanquished Creatures (others)
  An orc wizard (D:5)
1 creature vanquished.

Grand Total: 133 creatures vanquished

Notes
Turn   | Place    | Note
-------+----------+-------------------------------------------
     0 | D:1      | Descartes the Felid Shapeshifter began the quest for the
                  | Orb.
     0 | D:1      | Reached XP level 1. HP: 9/9 MP: 2/2
   165 | D:1      | Reached skill level 3 in Dodging
   200 | D:1      | Reached XP level 2. HP: 12/12 MP: 3/3
   951 | D:2      | You fall into a shaft and drop 1 floor!
   972 | D:3      | Found a glowing drain.
   986 | D:3      | Reached XP level 3. HP: 13/15 MP: 4/4
  1006 | Sewer    | Entered a sewer
  1073 | Sewer    | Noticed a kobold brigand
  1088 | Sewer    | Slain by a kobold brigand
  1193 | Sewer    | Reached XP level 4. HP: 19/19 MP: 5/5
  1215 | Sewer    | Killed a kobold brigand
  1216 | Sewer    | Reached skill level 4 in Dodging
  1216 | Sewer    | Reached XP level 5. HP: 7/23 MP: 6/6
  1923 | D:3      | Noticed Terence
  1931 | D:3      | Killed Terence
  2364 | D:3      | Gained mutation: You are covered in thick fur. (AC +2)
                  | [Felid growth]
  2364 | D:3      | Reached XP level 6. HP: 21/28 MP: 7/7
  2480 | D:3      | Found a runed translucent door.
  2481 | D:3      | Noticed Crazy Yiuf
  2515 | D:3      | Found Hihah's Weapon Shoppe.
  2663 | D:3      | Killed Crazy Yiuf
  3010 | D:2      | Found a faded altar of an unknown god.
  3023 | D:2      | Reached skill level 5 in Dodging
  3566 | D:4      | Reached skill level 5 in Shapeshifting
  3566 | D:4      | Reached XP level 7. HP: 21/31 MP: 8/8
  3696 | D:4      | Shot with an arrow by a centaur
  3719 | D:4      | Reached skill level 5 in Unarmed Combat
  3830 | D:4      | Reached skill level 6 in Dodging
  4070 | D:4      | Found an ancient bone altar of Kikubaaqudgha.
  4436 | D:5      | Entered Level 5 of the Dungeon
  4543 | D:5      | Noticed Dowan
  4544 | D:5      | Noticed Duvessa
  4558 | D:5      | HP: 1/33 [hound (2)]
  4575 | D:5      | Reached XP level 8. HP: 16/36 MP: 9/9
  4581 | D:5      | Killed Dowan
  4587 | D:5      | Killed Duvessa
  4588 | D:5      | Reached skill level 7 in Dodging
  4724 | D:5      | Identified the amulet "Attat" {Spirit Regen+ Int+3 Dex+3}
  4750 | D:5      | Found a transporter.
  4755 | D:5      | Noticed feta's ghost (novice GrGl)
  4757 | D:5      | Identified the +4 trident of Distant Shores {venom, rN+++
                  | Str-2}
  4757 | D:5      | Identified the +0 scale mail of the Lumpy Knives {rF+}
  4779 | D:5      | Reached skill level 5 in Fighting
  4783 | D:5      | Slain by a gnoll
  4956 | D:5      | Found a transporter.
  5192 | D:6      | Killed from afar by a steam dragon

Illustrated notes

Levels and vault maps discovered:
D:1:      spicycebolla_arrival_xxxplode, layout_basic
D:2:      layout_basic, hellmonk_ecumenical_altar_blasted
D:3:      layout_rooms, serial_shops, shop, portal_sewer_entry_b, uniq_terence,
          uniq_crazy_yiuf_cottage
D:4:      layout_basic, kennysheep_vampire_church, kennysheep_generic_room_12
D:5:      dreamdust_elfheim, layout_basic, makhleb_heckhound_becter,
          gammafunk_ghost_gnarly_gnolls, uniq_duvessa, uniq_menkaure
D:6:      lemuel_insect_pit, layout_basic, uniq_pikel, uniq_sigmund

Skill      XL: |  1  2  3  4  5  6  7  8 |
---------------+-------------------------+-----
Dodging        | 3 4 5 6 7 |  7.4
Fighting       | 2 3 4 5 |  5.2
Shapeshifting  | 4 5 6 |  6.2
Unarmed Combat | 4 5 6 |  6.0

Action                     |  1- 3 |  4- 6 |  7- 9 || total
---------------------------+-------+-------+-------++-------
  Melee: Unarmed           |   100 |   194 |   142 ||   436
         Punch             |     3 |     4 |     4 ||    11
         Bite              |     3 |    28 |    16 ||    47
    Use: Scroll            |     4 |       |       ||     4
         Potion            |       |     1 |     4 ||     5
   Stab: Sleeping          |     3 |     3 |     1 ||     7
         Invisible         |       |       |     8 ||     8
 Armour: Skin              |    17 |    46 |    92 ||   155
  Dodge: Dodged            |    56 |    94 |   170 ||   320

Table legend: (Time is in decaauts)
 A = Elapsed time spent in this place.
 B = Non-inter-level travel time spent in this place.
 C = Inter-level travel time spent in this place.
 D = Time resting spent in this place.
 E = Time spent auto-exploring this place.
 F = Levels seen in this place.
 G = Mean time per level.
                   A        B        C        D        E       F      G
               +--------+--------+--------+--------+--------+-----+--------+
         Total |   4577 |   4329 |    248 |      0 |   3411 |   7 |  653.9 |
       Dungeon |   3641 |   3393 |    248 |      0 |   2760 |   6 |  606.8 |
         Sewer |    936 |    936 |      0 |      0 |    650 |   1 |  936.0 |
               +--------+--------+--------+--------+--------+-----+--------+

Top non-repeatable levels by time:
     D:4: 942 daAuts
   Sewer: 936 daAuts
     D:3: 757 daAuts
     D:2: 706 daAuts
     D:5: 621 daAuts
     D:1: 592 daAuts
     D:6: 20 daAuts
